 Dungeon Crawl Stone Soup version 0.27-a0-286-g37e0bc138e (webtiles) character file.

Game seed: 74317986398926186

1985 mosner the Digger (level 9, -1/50 HPs)
             Began as a Gargoyle Earth Elementalist on Feb 8, 2021.
             Slain by an orc warrior
             ... wielding a +0 war axe
              (21 damage)
             ... in the Ecumenical Temple.
             The game lasted 00:14:34 (6267 turns).

mosner the Digger (Gargoyle Earth Elementalist)     Turns: 6267, Time: 00:14:35

Health: -1/50      AC: 11    Str: 10    XL:     9   Next: 21%
Magic:  12/17      EV: 12    Int: 26    God:
Gold:   379        SH:  0    Dex: 10    Spells: 7/19 levels left

rFire    + . .     SeeInvis .   q - +3 quarterstaff (spect)
rCold    . . .     Faith    .   (shield currently unavailable)
rNeg     + . .     Spirit   .   f - +2 leather armour {rC+}
rPois    ∞         Reflect  .   (no helmet)
rElec    +         Harm     .   (no cloak)
rCorr    .         Rampage  .   (no gloves)
Will     ++...                  (no boots)
Stlth    +++.......             (no amulet)
HPRegen  0.16/turn              e - ring "Denkuy" {Fire *Slow Will++ Str-3 Int+8 Stlth+}
MPRegen  0.15/turn              (no ring)

@: very slightly contaminated
A: negative energy resistance 1, electricity resistance, unbreathing,
petrification resistance, miasma immunity, AC +6
a: no special abilities


You were in the Ecumenical Temple.
You visited 2 branches of the dungeon, and saw 8 of its levels.
You also visited: Ossuary.

You collected 379 gold pieces.

Inventory:

Hand Weapons
 q - a +3 spectral quarterstaff (weapon)
 x - a +1 vorpal flail
Missiles
 b - 149 stones
Armour
 c - a +0 robe
 f - a +2 leather armour of cold resistance (worn)
 n - a +0 leather armour of fire resistance
Jewellery
 e - the ring "Denkuy" (left hand) {Fire *Slow Will++ Str-3 Int+8 Stlth+}
   (You found it on level 6 of the Dungeon)

   [ring of fire]

   It enhances your fire magic.
   It affects your strength (-3).
   It affects your intelligence (+8).
   It protects you from fire.
   It makes you vulnerable to cold.
   It affects your willpower, your defense against some magical effects.
   It may slow you when you take damage.
   It makes you more stealthy.
Wands
 s - a wand of random effects (18)
Scrolls
 d - 4 scrolls of identify
 h - 3 scrolls of amnesia
 i - a scroll of teleportation
 j - 2 scrolls of remove curse
 t - 2 scrolls of immolation
 w - a scroll of fog
Potions
 a - 3 potions of brilliance
 g - 2 potions of resistance
 k - 5 potions of curing
 l - a potion of flight
 m - 2 potions of might
 o - 3 potions of magic
 r - a potion of berserk rage
 u - a potion of haste
 v - a potion of lignification


   Skills:
 + Level 3.0 Fighting
 + Level 2.8 Maces & Flails
 + Level 3.0 Armour
 + Level 2.8 Dodging
 - Level 2.1 Stealth
 + Level 5.5 Spellcasting
 + Level 5.5 Conjurations
 - Level 0.7 Transmutations
 + Level 7.6 Earth Magic
 + Level 2.5 Evocations


You had 7 spell levels left.
You knew the following spells:

 Your Spells              Type           Power        Failure   Level
a - Sandblast             Erth           94%          1%          1
b - Stone Arrow           Conj/Erth      82%          1%          3
c - Lee's Rapid Deconstr  Erth           23%          12%         5
d - Mephitic Cloud        Conj/Pois/Air  16%          14%         3

Your spell library contained the following spells:

 Spells                   Type           Power        Failure   Level
 Magic Dart               Conj           100%         1%          1
 Passwall                 Tmut/Erth      24%          2%          2
 Apportation              Tloc           14%          10%         1
 Conjure Flame            Conj/Fire      32%          10%         3
 Blink                    Tloc           N/A          14%         2
 Call Imp                 Summ           7%           14%         2
 Slow                     Hex            7%           14%         2
 Petrify                  Tmut/Erth      29%          17%         4
 Lesser Beckoning         Tloc           3%           28%         3
 Tukima's Dance           Hex            7%           28%         3
 Alistair's Intoxication  Tmut/Pois      6%           93%         5
 Invisibility             Hex            7%           100%        6


Dungeon Overview and Level Annotations

Branches:
Dungeon (7/15)             Temple (1/1) D:7         Ossuary (visited)

Altars:
Cheibriados
Dithmenos
Makhleb
Okawaru
Qazlal
Uskayaw
Xom

Shops:
D:7 =


Innate Abilities, Weirdness & Mutations

You are resistant to torment.
Your stone body is resilient. (AC +6)
You are immune to poison.
You resist negative energy. (rN+)
You are resistant to electric shocks. (rElec)
You can survive without breathing.
You are immune to petrification.
You are immune to miasma.


Message History

You are too injured to fight recklessly!
Unknown command.
You are too injured to fight recklessly!
Unknown command.
You are too injured to fight recklessly!
Unknown command.
You are too injured to fight recklessly!
Unknown command.
You are too injured to fight recklessly!
Unknown command.
You are too injured to fight recklessly!
Casting: Lee's Rapid Deconstruction (quite dangerous; 12% risk of failure)
Confirm with . or Enter, or press ? or * to list all spells.
Aiming: Sandblast (safe; 1% risk of failure)
Press: ? - help, Shift-Dir - straight line, f - orc warrior
Aim: an orc warrior, wielding a +0 war axe and wearing a +0 chain mail (severely wounded, 19% to evade)
The blast of sand hits the orc warrior but does no damage.
The orc warrior is severely wounded.
The orc warrior hits you with a +0 war axe!!
You die...

.. .. .. # #..
. . .## ...
.###. ...
..##...##.. .
#.......# .
...#.......#...
#.........#
#....@(...#
#.....o...#
...#.......#...
. #.......# .
..##...##.. ...
.###. ... ##. .
. ..# # .. ..
..


You could see an orc warrior and a friendly +3 spectral quarterstaff (summoned).

Vanquished Creatures
  A water moccasin (D:6)
  An orc warrior (D:6)
  2 ice beasts
  An ogre (D:7)
  2 centaurs
  A phantom (D:5)
  An elf zombie (Ossuary)
  2 bullfrogs
  2 scorpions
  3 wights (D:6)
  An electric eel (D:6)
  A howler monkey (D:5)
  A jelly (D:6)
  3 orc priests (D:6)
  5 hounds
  A bullfrog skeleton (D:6)
  An iguana (D:6)
  3 orc wizards
  3 worker ants
  4 mummies (Ossuary)
  A worker ant zombie (D:5)
  3 gnolls (D:4)
  8 adders
  A shadow imp (D:6)
  2 white imps
  2 adder skeletons
  4 worms
  3 dart slugs
  4 leopard geckos
  15 orcs
  A ball python (D:4)
  3 giant cockroaches
  7 goblins
  5 hobgoblins
  8 jackals
  4 quokkas
  6 bats
  5 frilled lizards
  A giant cockroach zombie (D:5)
  2 gnoll zombies (Ossuary)
  A goblin zombie (Ossuary)
  2 hobgoblin zombies (Ossuary)
  4 kobolds
  2 kobold zombies (Ossuary)
  2 orc zombies (Ossuary)
  A quokka skeleton (D:6)
  6 rats
  2 rat zombies (Ossuary)
144 creatures vanquished.

Vanquished Creatures (others)
  11 plants
11 creatures vanquished.

Grand Total: 155 creatures vanquished

Notes
Turn   | Place    | Note
-------+----------+-------------------------------------------
     0 | D:1      | mosner the Gargoyle Earth Elementalist began the quest for
                  | the Orb.
     0 | D:1      | Reached XP level 1. HP: 10/10 MP: 3/3
   285 | D:1      | Reached skill level 4 in Earth Magic
   285 | D:1      | Reached XP level 2. HP: 9/15 MP: 1/5
  1383 | D:2      | Reached XP level 3. HP: 19/19 MP: 2/7
  1387 | D:2      | Learned a level 3 spell: Stone Arrow
  1868 | D:2      | Found a burning altar of Makhleb.
  1868 | D:2      | Found a snail-covered altar of Cheibriados.
  2040 | D:2      | Reached skill level 1 in Conjurations
  2040 | D:2      | Reached XP level 4. HP: 23/24 MP: 8/8
  2615 | D:3      | Found a shimmering altar of Xom.
  2828 | D:3      | Found a stormy altar of Qazlal.
  2968 | D:4      | Reached skill level 5 in Earth Magic
  2971 | D:4      | Reached XP level 5. HP: 23/28 MP: 8/10
  3182 | D:4      | Learned a level 3 spell: Mephitic Cloud
  3200 | D:4      | Found an iron altar of Okawaru.
  3468 | D:4      | Noticed a centaur
  3473 | D:4      | Reached XP level 6. HP: 32/32 MP: 11/11
  3733 | D:5      | Entered Level 5 of the Dungeon
  3741 | D:5      | Noticed an ice beast
  3749 | D:5      | Killed an ice beast
  3750 | D:5      | Reached skill level 6 in Earth Magic
  3752 | D:5      | Reached XP level 7. HP: 18/36 MP: 13/13
  3946 | D:5      | Found a sand-covered staircase.
  3952 | Ossuary  | Entered an ossuary
  4567 | D:5      | Learned a level 5 spell: Lee's Rapid Deconstruction
  4817 | D:4      | Found a shadowy altar of Dithmenos.
  4854 | D:5      | Reached skill level 1 in Armour
  5037 | D:6      | Reached skill level 1 in Fighting
  5041 | D:6      | Reached skill level 7 in Earth Magic
  5041 | D:6      | Reached XP level 8. HP: 37/43 MP: 15/15
  5048 | D:6      | Reached skill level 1 in Maces & Flails
  5048 | D:6      | Reached skill level 5 in Spellcasting
  5048 | D:6      | Reached skill level 1 in Evocations
  5368 | D:6      | Reached skill level 5 in Conjurations
  5782 | D:6      | Reached XP level 9. HP: 29/49 MP: 17/17
  5787 | D:6      | HP: 2/49 [wight/+0 war axe (8)]
  5802 | D:6      | Got a pitted steel ring
  5804 | D:6      | Identified the ring "Denkuy" {Fire *Slow Will++ Str-3 Int+8
                  | Stlth+} (You found it on level 6 of the Dungeon)
  6055 | D:7      | Found a hide-covered altar of Uskayaw.
  6082 | D:7      | Found Zoffity's Jewellery Shop.
  6248 | D:7      | Found a staircase to the Ecumenical Temple.
  6263 | Temple   | Entered the Ecumenical Temple
  6267 | Temple   | Slain by an orc warrior

Illustrated notes

Levels and vault maps discovered:
D:1:      dpeg_arrival_pits, layout_basic, serial_bayou, serial_bayou_pond_b,
          serial_bayou_pond_c, serial_bayou_lake_a, serial_bayou_shore_a,
          nrook_mini_backslash, minmay_split_cup_small
D:2:      layout_basic, chequers_temple_overflow_statue_of_worship,
          minmay_goblin_outpost
D:3:      layout_loops_cross, lemuel_crystal_altar,
          lemuel_coloured_pillars_altar
D:4:      lemuel_upstairs_altar, layout_rooms, okawaru_altar_gauntlet_db
D:5:      layout_rooms, nicolae_ossuary_entry_plus, minmay_misc_feat_columns
D:6:      layout_cave_pools, minmay_misc_feat_more_columns,
          minmay_misc_feat_tower, kennysheep_opposing_triangles
D:7:      layout_basic, general_overflow_altar,
          minmay_temple_entry_gardened_gates, serial_shops, shop_statue,
          uniq_maggie
Temple:   regret_index_temple_sphere_string

Skill      XL: |  1  2  3  4  5  6  7  8  9 |
---------------+----------------------------+-----
Earth Magic    | 4 5 6 7 |  7.6
Spellcasting   | 3 4 5 |  5.5
Conjurations   | 1 2 3 4 5 |  5.5
Armour         | 1 2 3 |  3.0
Fighting       | 1 2 3 |  3.0
Maces & Flails | 2 |  2.8
Dodging        | 2 |  2.8
Evocations     | 2 |  2.5
Stealth        | |  2.1
Transmutations | |  0.7

Action                   |  1- 3 |  4- 6 |  7- 9 || total
-------------------------+-------+-------+-------++-------
Melee: Unarmed           |    24 |       |       ||    24
       Club              |    55 |       |       ||    55
       Long sword        |    28 |     3 |       ||    31
       Quarterstaff      |       |    92 |   170 ||   262
 Cast: Sandblast         |    27 |       |    12 ||    39
       Mephitic Cloud    |       |       |     1 ||     1
       Stone Arrow       |       |       |     2 ||     2
  Use: Scroll            |       |    14 |     6 ||    20
       Potion            |       |     1 |     3 ||     4
 Stab: Sleeping          |       |     1 |     4 ||     5
       Distracted        |       |     1 |     1 ||     2
       Confused          |       |       |     3 ||     3
Armor: Robe              |    29 |       |       ||    29
       Leather armour    |    56 |    38 |    82 ||   176
Dodge: Dodged            |   101 |    68 |   140 ||   309
       Rpst.: Long sword |     4 |       |       ||     4

Table legend: (Time is in decaauts)
 A = Elapsed time spent in this place.
 B = Non-inter-level travel time spent in this place.
 C = Inter-level travel time spent in this place.
 D = Time resting spent in this place.
 E = Time spent auto-exploring this place.
 F = Levels seen in this place.
 G = Mean time per level.
                   A        B        C        D        E       F      G
               +--------+--------+--------+--------+--------+-----+--------+
         Total |   6431 |   6283 |    148 |    294 |   4701 |   9 |  714.6 |
       Dungeon |   5979 |   5831 |    148 |    148 |   4546 |   7 |  854.1 |
        Temple |      4 |      4 |      0 |      0 |      0 |   1 |    4.0 |
       Ossuary |    447 |    447 |      0 |    146 |    155 |   1 |  447.0 |
               +--------+--------+--------+--------+--------+-----+--------+

Top non-repeatable levels by time:
     D:1: 1373 daAuts
     D:6: 1042 daAuts
     D:2: 1002 daAuts
     D:5: 837 daAuts
     D:4: 825 daAuts
     D:3: 672 daAuts
 Ossuary: 447 daAuts
     D:7: 226 daAuts
  Temple: 4 daAuts
